TOP OF THE 1ST |
Quad Cities River Bandits batting - Pitching for Lexington Legends : RHP Kevin Tumbleson
|
Pitching: RHP Kevin Tumbleson
|
|
Batting: RHB Reginald McDougall
|
0-0: Called Strike 0-1: Ball 1-1: Ball 2-1: Foul Ball, location: 2F 2-2: Ball 3-2: Base on Balls
|
Batting: RHB Adrian Martinelli
|
0-0: Foul Ball, location: 2F 0-1: Called Strike 0-2: SINGLE (Line Drive, 34, EV 108.8 MPH) Reginald McDougall to second
|
Batting: RHB Bobby Larson
|
0-0: Ball 1-0: Ball 2-0: Ball 3-0: Called Strike 3-1: Swinging Strike 3-2: Strikes out swinging
|
Batting: LHB Danny Wolver
|
0-0: Called Strike 0-1: Swinging Strike 0-2: Ball 1-2: Ball Wild Pitch! Reginald McDougall to third Adrian Martinelli to second 2-2: Ball 3-2: Foul Ball, location: 2F 3-2: Strikes out swinging
|
Batting: RHB Matthew Adams
|
0-0: DOUBLE (Flyball, 78XD, EV 99.4 MPH) Reginald McDougall scores Adrian Martinelli scores
|
Batting: RHB Alex Campos
|
0-0: Foul Ball, location: 2F 0-1: Foul Ball, location: 2F 0-2: Ball 1-2: Fly out, F8 (Flyball, 8LD, EV 101.9 MPH)
|
Top of the 1st over - 2 runs, 2 hits, 0 errors, 1 left on base; Quad Cities 2 - Lexington 0 |
BOTTOM OF THE 1ST |
Lexington Legends batting - Pitching for Quad Cities River Bandits : RHP Muckle Wildriver
|
Pitching: RHP Muckle Wildriver
|
|
Batting: RHB Kasey Bland
|
0-0: Swinging Strike 0-1: Foul Ball, location: 2F 0-2: Ball 1-2: Foul Ball, location: 2F 1-2: Ball 2-2: Foul Ball, location: 2F 2-2: Strikes out swinging, 2-3 out at first.
|
Batting: LHB Bobby Gonzalez
|
0-0: Foul Ball, location: 2F 0-1: Ball 1-1: Ball 2-1: Ball 3-1: Base on Balls
|
Batting: LHB Alberto Chavez
|
0-0: Ball 1-0: Ball Bobby Gonzalez steals 2nd base 2-0: Ball 3-0: Called Strike 3-1: Foul Ball, location: 2F 3-2: Ground out 6-3 (Groundball, 6M, EV 82.5 MPH) Bobby Gonzalez to third
|
Batting: LHB Kevin Rolison
|
0-0: Ball 1-0: DOUBLE (Groundball, 3L, EV 103.8 MPH) Bobby Gonzalez scores
|
Batting: RHB Phil Hamby
|
0-0: Called Strike 0-1: Ball 1-1: Ground out 6-3 (Groundball, 6, EV 85.6 MPH)
|
Bottom of the 1st over - 1 run, 1 hit, 0 errors, 1 left on base; Quad Cities 2 - Lexington 1 |
TOP OF THE 2ND |
Quad Cities River Bandits batting - Pitching for Lexington Legends : RHP Kevin Tumbleson
|
Batting: RHB Erik Smith
|
0-0: Ball 1-0: Ball 2-0: Called Strike 2-1: Ball 3-1: Called Strike 3-2: Strikes out swinging
|
Batting: RHB Kieron Clark
|
0-0: Foul Ball, location: 2F 0-1: Foul Ball, location: 2F 0-2: Strikes out looking
|
Batting: RHB Yoshitoshi Mori
|
0-0: Called Strike 0-1: Ball 1-1: Foul Ball, location: 2F 1-2: Strikes out swinging
|
Top of the 2nd over - 0 runs, 0 hits, 0 errors, 0 left on base; Quad Cities 2 - Lexington 1 |
BOTTOM OF THE 2ND |
Lexington Legends batting - Pitching for Quad Cities River Bandits : RHP Muckle Wildriver
|
Batting: LHB Mike Bhatti
|
0-0: Called Strike 0-1: SINGLE (Groundball, 34D, EV 103.1 MPH)
|
Batting: LHB Danny Pacheco
|
0-0: Ball 1-0: Ball 2-0: Called Strike 2-1: DOUBLE (Flyball, 89XD, EV 90.6 MPH) Mike Bhatti to third
|
Batting: RHB Wei-guo Tsu
|
0-0: Fly out, F9 (Flyball, 89S, EV 88.8 MPH)
|
Batting: LHB John Dietrich
|
0-0: Called Strike 0-1: Ball 1-1: Ball 2-1: Foul Ball, location: 2F 2-2: Ball 3-2: Ground out U3 (Groundball, 34, EV 108.8 MPH) Mike Bhatti scores Danny Pacheco to third
|
Batting: RHB Kasey Bland
|
0-0: Ball 1-0: Ball 2-0: Foul Ball, location: 2F 2-1: Foul Ball, location: 2F 2-2: Foul Ball, location: 2F 2-2: Ball 3-2: Base on Balls
|
Batting: LHB Bobby Gonzalez
|
0-0: Ball 1-0: Swinging Strike 1-1: Foul Ball, location: 2F 1-2: Strikes out swinging
|
Bottom of the 2nd over - 1 run, 2 hits, 0 errors, 2 left on base; Quad Cities 2 - Lexington 2 |
TOP OF THE 3RD |
Quad Cities River Bandits batting - Pitching for Lexington Legends : RHP Kevin Tumbleson
|
Batting: RHB Reginald McDougall
|
0-0: Called Strike 0-1: Swinging Strike 0-2: Ball 1-2: Ball 2-2: Strikes out looking
|
Batting: RHB Adrian Martinelli
|
0-0: Swinging Strike 0-1: Foul Ball, location: 2F 0-2: Ball 1-2: Foul Ball, location: 2F 1-2: Ground out 6-3 (Groundball, 6, EV 98.1 MPH)
|
Batting: RHB Bobby Larson
|
0-0: Ball 1-0: SINGLE (Groundball, 56D, EV 105.6 MPH)
|
Batting: LHB Danny Wolver
|
0-0: Ball 1-0: Foul Ball, location: 2F 1-1: Foul Ball, location: 2F 1-2: Foul Ball, location: 2F 1-2: Ball 2-2: Ground out 1-3 (Groundball, 34S, EV 71.9 MPH)
|
Top of the 3rd over - 0 runs, 1 hit, 0 errors, 1 left on base; Quad Cities 2 - Lexington 2 |
BOTTOM OF THE 3RD |
Lexington Legends batting - Pitching for Quad Cities River Bandits : RHP Muckle Wildriver
|
Batting: LHB Alberto Chavez
|
0-0: Foul Ball, location: 2F 0-1: Swinging Strike 0-2: Strikes out swinging
|
Batting: LHB Kevin Rolison
|
0-0: Ball 1-0: SINGLE (Groundball, 6D, EV 108.1 MPH)
|
Batting: RHB Phil Hamby
|
0-0: Called Strike 0-1: Foul Ball, location: 2F 0-2: Strikes out swinging
|
Batting: LHB Mike Bhatti
|
0-0: Foul Ball, location: 2F 0-1: DOUBLE (Line Drive, 7LS, EV 94.4 MPH) Kevin Rolison to third
|
Batting: LHB Danny Pacheco
|
0-0: Ball 1-0: Hit by Pitch
|
Batting: RHB Wei-guo Tsu
|
0-0: Called Strike 0-1: Called Strike 0-2: Ball 1-2: Ball 2-2: Strikes out swinging
|
Bottom of the 3rd over - 0 runs, 2 hits, 0 errors, 3 left on base; Quad Cities 2 - Lexington 2 |
TOP OF THE 4TH |
Quad Cities River Bandits batting - Pitching for Lexington Legends : RHP Kevin Tumbleson
|
Batting: RHB Matthew Adams
|
0-0: Ball 1-0: Foul Ball, location: 2F 1-1: Ball 2-1: Ball 3-1: Swinging Strike 3-2: Base on Balls
|
Pitching: RHP Tim Tucker
|
|
Batting: RHB Alex Campos
|
0-0: Called Strike 0-1: Swinging Strike 0-2: Ball 1-2: Ball 2-2: Foul Ball, location: 2F 2-2: Strikes out swinging
|
Batting: RHB Erik Smith
|
0-0: Called Strike 0-1: Ball 1-1: Ball 2-1: Fielders Choice at 2nd, 5-4 (Groundball, 56, EV 101.2 MPH)
|
Batting: RHB Kieron Clark
|
0-0: Swinging Strike 0-1: Ball 1-1: Foul Ball, location: 2F 1-2: Fly out, F9 (Flyball, 9S, EV 85.0 MPH)
|
Top of the 4th over - 0 runs, 0 hits, 0 errors, 1 left on base; Quad Cities 2 - Lexington 2 |
BOTTOM OF THE 4TH |
Lexington Legends batting - Pitching for Quad Cities River Bandits : RHP Muckle Wildriver
|
Batting: LHB John Dietrich
|
0-0: Ball 1-0: Called Strike 1-1: Ball 2-1: Swinging Strike 2-2: SINGLE (Groundball, 56D, EV 96.2 MPH)
|
Batting: RHB Kasey Bland
|
0-0: Ball 1-0: SINGLE (Groundball, 6MD, EV 98.1 MPH) John Dietrich to second
|
Batting: LHB Bobby Gonzalez
|
0-0: Called Strike 0-1: Ball 1-1: Swinging Strike 1-2: Ball 2-2: Foul Ball, location: 2F 2-2: Fly out, F7 (Flyball, 7LSF, EV 91.9 MPH)
|
Batting: LHB Alberto Chavez
|
0-0: Ball 1-0: Fly out, F8 (Line Drive, 8LD, EV 99.4 MPH)
|
Batting: LHB Kevin Rolison
|
0-0: Called Strike 0-1: Ground out 5-3 (Groundball, 5S, EV 85.6 MPH)
|
Bottom of the 4th over - 0 runs, 2 hits, 0 errors, 2 left on base; Quad Cities 2 - Lexington 2 |
TOP OF THE 5TH |
Quad Cities River Bandits batting - Pitching for Lexington Legends : RHP Tim Tucker
|
Batting: RHB Yoshitoshi Mori
|
0-0: Foul Ball, location: 2F 0-1: Ball 1-1: Foul Ball, location: 2F 1-2: Ball 2-2: Ball 3-2: Strikes out swinging
|
Batting: RHB Reginald McDougall
|
0-0: Called Strike 0-1: Ball 1-1: Ball 2-1: Called Strike 2-2: Ground out 4-3 (Groundball, 4D, EV 101.2 MPH)
|
Pitching: RHP Howie Seidler
|
|
Batting: RHB Adrian Martinelli
|
0-0: Ball 1-0: Swinging Strike 1-1: Swinging Strike 1-2: Ball 2-2: Strikes out swinging
|
Top of the 5th over - 0 runs, 0 hits, 0 errors, 0 left on base; Quad Cities 2 - Lexington 2 |
BOTTOM OF THE 5TH |
Lexington Legends batting - Pitching for Quad Cities River Bandits : RHP Muckle Wildriver
|
Batting: RHB Phil Hamby
|
0-0: Foul Ball, location: 2F 0-1: Ball 1-1: Ball 2-1: Foul Ball, location: 2F 2-2: Ball 3-2: Base on Balls
|
Batting: LHB Mike Bhatti
|
0-0: Ball 1-0: Ball 2-0: Foul Ball, location: 2F 2-1: Ball Wild Pitch! Phil Hamby to second 3-1: Base on Balls
|
Batting: LHB Danny Pacheco
|
0-0: SINGLE (Line Drive, 6MD, EV 100.0 MPH) Phil Hamby to third Mike Bhatti to second
|
Batting: RHB Wei-guo Tsu
|
0-0: Ball 1-0: Ball 2-0: Grounds into fielders choice U2 (Groundball, 15S, EV 69.4 MPH) Mike Bhatti to third Danny Pacheco to second
|
Batting: LHB John Dietrich
|
0-0: Called Strike 0-1: Swinging Strike 0-2: Strikes out swinging
|
Batting: RHB Kasey Bland
|
0-0: Ball 1-0: Foul Ball, location: 2F 1-1: Ball 2-1: Ball 3-1: Base on Balls Mike Bhatti scores Danny Pacheco to third Wei-guo Tsu to second
|
Batting: LHB Bobby Gonzalez
|
0-0: Called Strike 0-1: Ball Wild Pitch! Danny Pacheco scores Wei-guo Tsu to third Kasey Bland to second 1-1: Swinging Strike 1-2: Foul Ball, location: 2F 1-2: Strikes out swinging
|
Bottom of the 5th over - 2 runs, 1 hit, 0 errors, 2 left on base; Quad Cities 2 - Lexington 4 |
TOP OF THE 6TH |
Quad Cities River Bandits batting - Pitching for Lexington Legends : RHP Howie Seidler
|
Batting: RHB Bobby Larson
|
0-0: Ball 1-0: Foul Ball, location: 2F 1-1: DOUBLE (Flyball, 8LXD, EV 97.5 MPH)
|
Batting: LHB Danny Wolver
|
0-0: Foul Ball, location: 2F 0-1: Called Strike 0-2: Ball 1-2: Fly out, F7 (Flyball, 7LM, EV 85.0 MPH)
|
Batting: RHB Matthew Adams
|
0-0: Ground out 6-3 (Groundball, 6, EV 103.8 MPH)
|
Batting: RHB Alex Campos
|
0-0: Called Strike 0-1: Ball 1-1: Foul Ball, location: 2F 1-2: Foul Ball, location: 2F 1-2: Ball 2-2: Strikes out looking
|
Top of the 6th over - 0 runs, 1 hit, 0 errors, 1 left on base; Quad Cities 2 - Lexington 4 |
BOTTOM OF THE 6TH |
Lexington Legends batting - Pitching for Quad Cities River Bandits : RHP Muckle Wildriver
|
Pitching: RHP Malachi Shelton
|
|
Batting: LHB Alberto Chavez
|
0-0: Called Strike 0-1: Called Strike 0-2: Foul Ball, location: 2F 0-2: Ball 1-2: Ball 2-2: Ball 3-2: Base on Balls
|
Batting: LHB Kevin Rolison
|
0-0: Ball 1-0: Fly out, F6 (Line Drive, 6MD, EV 68.1 MPH)
|
Batting: RHB Phil Hamby
|
0-0: Swinging Strike 0-1: Called Strike 0-2: Strikes out swinging
|
Batting: LHB Mike Bhatti
|
0-0: Called Strike 0-1: Ball 1-1: Ball 2-1: Ball 3-1: Foul Ball, location: 2F 3-2: Foul Ball, location: 2F 3-2: Foul Ball, location: 2F 3-2: Base on Balls Alberto Chavez to second
|
Pitching: LHP T.J. Westover
|
|
Batting: LHB Danny Pacheco
|
0-0: Ball 1-0: Swinging Strike 1-1: Fielders Choice at 2nd, U4 (Groundball, 4M, EV 87.5 MPH)
|
Bottom of the 6th over - 0 runs, 0 hits, 0 errors, 2 left on base; Quad Cities 2 - Lexington 4 |
TOP OF THE 7TH |
Quad Cities River Bandits batting - Pitching for Lexington Legends : RHP Howie Seidler
|
Pitching: RHP Edward Cadenhead
|
|
Batting: RHB Erik Smith
|
0-0: Ball 1-0: Hit by Pitch
|
Batting: RHB Kieron Clark
|
0-0: Grounds into double play, 4-6-3 (Groundball, 34, EV 83.8 MPH)
|
Batting: RHB Yoshitoshi Mori
|
0-0: Ball 1-0: Called Strike 1-1: Ball 2-1: Fly out, F9 (Flyball, BS8, EV 107.5 MPH)
|
Top of the 7th over - 0 runs, 0 hits, 0 errors, 0 left on base; Quad Cities 2 - Lexington 4 |
BOTTOM OF THE 7TH |
Lexington Legends batting - Pitching for Quad Cities River Bandits : LHP T.J. Westover
|
Batting: RHB Wei-guo Tsu
|
0-0: Called Strike 0-1: Ground out 6-3 (Groundball, 56, EV 88.8 MPH)
|
Batting: LHB John Dietrich
|
0-0: Ball 1-0: Swinging Strike 1-1: Ball 2-1: Swinging Strike 2-2: Foul Ball, location: 2F 2-2: Ball 3-2: Foul Ball, location: 2F 3-2: Foul Ball, location: 2F 3-2: Base on Balls
|
Batting: RHB Kasey Bland
|
0-0: SINGLE (Groundball, 5S, EV 69.4 MPH) (infield hit) John Dietrich to second
|
Batting: LHB Bobby Gonzalez
|
0-0: Called Strike 0-1: Ball 1-1: Called Strike 1-2: Ball 2-2: Foul Ball, location: 2F 2-2: SINGLE (Groundball, 34D, EV 97.5 MPH) John Dietrich to third Kasey Bland to second Runner from 3rd tries for Home, SAFE, throw by RF to home
|
Pitching: RHP Russ Greer
|
|
Batting: LHB Alberto Chavez
|
0-0: Ball 1-0: Ball Kasey Bland steals 3rd, throwing error, E2 Kasey Bland scores Bobby Gonzalez to third 2-0: Ball 3-0: Called Strike 3-1: Swinging Strike 3-2: Base on Balls
|
Batting: LHB Kevin Rolison
|
0-0: Foul Ball, location: 2F 0-1: Ball 1-1: Ball 2-1: Ball Wild Pitch! Bobby Gonzalez scores Alberto Chavez to second 3-1: Base on Balls
|
Batting: RHB Phil Hamby
|
0-0: Ball 1-0: Foul Ball, location: 2F 1-1: Fly out, F7 (Flyball, 7S, EV 83.1 MPH)
|
Batting: LHB Mike Bhatti
|
0-0: Ball 1-0: Called Strike 1-1: SINGLE (Line Drive, 7S, EV 103.8 MPH) Alberto Chavez to third Kevin Rolison to second
|
Batting: LHB Danny Pacheco
|
0-0: Swinging Strike Passed Ball! Alberto Chavez scores Kevin Rolison to third Mike Bhatti to second 0-1: Called Strike 0-2: Ball 1-2: Strikes out swinging
|
Bottom of the 7th over - 4 runs, 3 hits, 1 error, 2 left on base; Quad Cities 2 - Lexington 8 |
TOP OF THE 8TH |
Quad Cities River Bandits batting - Pitching for Lexington Legends : RHP Edward Cadenhead
|
Batting: RHB Reginald McDougall
|
0-0: Ball 1-0: Foul Ball, location: 2F 1-1: Ground out 5-3 (Groundball, 56S, EV 72.5 MPH)
|
Batting: RHB Adrian Martinelli
|
0-0: Ball 1-0: Ball 2-0: Foul Ball, location: 2F 2-1: Swinging Strike 2-2: Strikes out looking
|
Batting: RHB Bobby Larson
|
0-0: Ball 1-0: Foul Ball, location: 2F 1-1: Ball 2-1: Foul Ball, location: 2F 2-2: Ground out 6-3 (Groundball, 6, EV 83.1 MPH)
|
Top of the 8th over - 0 runs, 0 hits, 0 errors, 0 left on base; Quad Cities 2 - Lexington 8 |
BOTTOM OF THE 8TH |
Lexington Legends batting - Pitching for Quad Cities River Bandits : RHP Russ Greer
|
Pitching: LHP Francisco de la Torre
|
|
Batting: RHB Wei-guo Tsu
|
0-0: Foul Ball, location: 2F 0-1: Ball 1-1: Ball 2-1: Foul Ball, location: 2F 2-2: TRIPLE (Flyball, 78XD, EV 106.9 MPH)
|
Batting: LHB John Dietrich
|
0-0: Called Strike 0-1: Ball 1-1: DOUBLE (Line Drive, 3D, EV 95.0 MPH) Wei-guo Tsu scores
|
Batting: RHB Kasey Bland
|
0-0: Ball 1-0: Ball 2-0: Foul Ball, location: 2F 2-1: Foul Ball, location: 2F 2-2: Ball 3-2: Foul Ball, location: 2F 3-2: Base on Balls
|
Batting: LHB Bobby Gonzalez
|
0-0: Fielders Choice at 2nd, 3-6 (Groundball, 3, EV 83.8 MPH) John Dietrich to third
|
Pinch Hitting: RHB Timotheus Cooper
|
0-0: Called Strike 0-1: Swinging Strike Passed Ball! John Dietrich scores Bobby Gonzalez to second 0-2: Strikes out looking
|
Pitching: RHP Aaron Shapiro
|
|
Batting: LHB Kevin Rolison
|
0-0: Ball 1-0: Foul Ball, location: 2F 1-1: Foul Ball, location: 2F 1-2: Ground out 4-3 (Groundball, 4, EV 103.1 MPH)
|
Bottom of the 8th over - 2 runs, 2 hits, 0 errors, 1 left on base; Quad Cities 2 - Lexington 10 |
TOP OF THE 9TH |
Quad Cities River Bandits batting - Pitching for Lexington Legends : RHP Edward Cadenhead
|
Pitching: RHP Junsuke Abe
|
|
Now at 1B: Timotheus Cooper
|
|
Batting: LHB Danny Wolver
|
0-0: Ball 1-0: Ball 2-0: Foul Ball, location: 2F 2-1: Foul Ball, location: 2F 2-2: DOUBLE (Flyball, 8RD, EV 95.0 MPH)
|
Batting: RHB Matthew Adams
|
0-0: Swinging Strike 0-1: Ball 1-1: Foul Ball, location: 2F 1-2: Ball Wild Pitch! Danny Wolver to third 2-2: Foul Ball, location: 2F 2-2: Ball 3-2: Foul Ball, location: 2F 3-2: Base on Balls
|
Batting: RHB Alex Campos
|
0-0: Foul Ball, location: 2F 0-1: SINGLE (Groundball, 56D, EV 103.8 MPH) Danny Wolver scores Matthew Adams to second
|
Pinch Hitting: RHB Marty King
|
0-0: Ball 1-0: Called Strike 1-1: Ball 2-1: Ball 3-1: Base on Balls Matthew Adams to third Alex Campos to second
|
Pitching: RHP Jon Griffin
|
|
Pinch Hitting: LHB Lou Toth
|
0-0: Ball 1-0: Fly out, F8 (Flyball, 8LS, EV 73.8 MPH)
|
Batting: RHB Yoshitoshi Mori
|
0-0: Ball 1-0: Grounds into fielders choice 1-2 (Groundball, 15S, EV 66.9 MPH) Alex Campos to third Marty King to second
|
Batting: RHB Reginald McDougall
|
0-0: Ball 1-0: Foul Ball, location: 2F 1-1: Fly out, F9 (Flyball, 9LD, EV 101.2 MPH)
|
Top of the 9th over - 1 run, 2 hits, 0 errors, 3 left on base; Quad Cities 3 - Lexington 10 |
|